 Dungeon Crawl Stone Soup version 0.31-a0-844-gdc52ec4e09 (webtiles) character file.

Game seed: 13297363135442959442

1130 IndexError the Conjurer (level 8, -12/41 HPs)
             Began as a Gargoyle Conjurer on Sept 28, 2023.
             Was a Believer of Dithmenos.
             Shot with a sling bullet by Joseph (14 damage)
             ... on level 7 of the Dungeon.
             The game lasted 00:09:30 (7892 turns).

IndexError the Conjurer (Gargoyle Conjurer)         Turns: 7892, Time: 00:09:31

Health: -12/41     AC:  9    Str: 11    XL:     8   Next: 36%
Magic:  15/15      EV: 12    Int: 21    God:    Dithmenos [**....]
Gold:   284        SH:  0    Dex: 14    Spells: 14/17 levels left

rFire   . . .        y - +3 falchion
rCold   . . .        (no shield)
rNeg    + . .        a - +0 robe
rPois   ∞            e - +2 hat
rElec   +            (no cloak)
rCorr   .            (no gloves)
SInv    .            (no boots)
Will    .....        (no amulet)
Stlth   ++           D - +6 ring of dexterity
HPRegen 0.26/turn    (no ring)
MPRegen 0.14/turn

%: no passive effects
@: wreathed by umbra
A: sickness immunity, AC +5, negative energy resistance 1, electricity
resistance, torment resistance 1, petrification resistance
a: Renounce Religion, Shadow Step


You were on level 7 of the Dungeon.
You worshipped Dithmenos.
Dithmenos was pleased with you.
You visited 1 branch of the dungeon, and saw 7 of its levels.
You also visited: Sewer.

You collected 284 gold pieces.

Inventory:

Hand Weapons
 y - a +3 falchion (weapon)
   (You took it off a gnoll on level 3 of the Dungeon)
 H - the +6 shillelagh "Devastator" {shatter}
   (You found it on level 6 of the Dungeon)
Missiles
 B - 6 javelins
Armour
 a - a +0 robe (worn)
 e - a +2 hat (worn)
   (You found it on level 3 of the Dungeon)
 w - a +0 helmet
   (You found it on level 3 of the Dungeon)
Magical Staves
 C - a staff of fire {rF+}
   (You found it on level 5 of the Dungeon)
 I - a staff of cold {rC+}
   (You found it on level 7 of the Dungeon)
Jewellery
 D - a +6 ring of dexterity (left hand)
   (You found it on level 5 of the Dungeon)
Wands
 u - a wand of charming (8)
   (You took it off Ijyb on level 3 of the Dungeon)
Scrolls
 c - 3 scrolls of immolation {unknown}
 f - a scroll of torment {unknown}
 g - a scroll of poison {unknown}
 h - 10 scrolls of identify {unknown}
 i - 4 scrolls of teleportation {unknown}
 j - 2 scrolls of brand weapon {unknown}
 l - 2 scrolls of amnesia {unknown}
 r - 4 scrolls of enchant weapon {unknown}
 t - a scroll of blinking {unknown}
 A - 4 scrolls of fog {unknown}
 E - a scroll of revelation {unknown}
 G - a scroll of summoning {unknown}
 J - a scroll of vulnerability {unknown}
Potions
 b - a potion of magic
 d - a potion of attraction {unknown}
 k - 2 potions of curing {unknown}
 m - 2 potions of brilliance {unknown}
 n - a potion of ambrosia {unknown}
 o - 2 potions of invisibility {unknown}
 p - a potion of degeneration {unknown}
 q - a potion of berserk rage {unknown}
 s - a potion of enlightenment {unknown}
 v - a potion of mutation {unknown}
 x - a potion of lignification {unknown}
 z - 3 potions of haste {unknown}
 F - 2 potions of resistance {unknown}


   Skills:
 - Level 1.5 Dodging
 - Level 2.1 Stealth
 - Level 5.0 Spellcasting
 - Level 7.0 Conjurations
 + Level 5.8 Evocations


You had 14 spell levels left.
You knew the following spells:

 Your Spells              Type           Power      Damage    Failure   Level
a - Magic Dart            Conj           100%       1d8       1%          1
b - Searing Ray           Conj           68%        2d6       1%          2

Your spell library contained the following spells:

 Spells                   Type           Power      Damage    Failure   Level
 Kiss of Death            Conj/Necr      76%        2d11      2%          1
 Dazzling Flash           Conj/Hex       38%        N/A       8%          3
 Hailstorm                Conj/Ice       19%        3d6       8%          3
 Freeze                   Ice            20%        1d4       11%         1
 Mephitic Cloud           Conj/Pois/Air  15%        N/A       13%         3
 Ensorcelled Hibernation  Hex/Ice        10%        N/A       16%         2
 Passwall                 Tmut/Erth      4%         N/A       16%         2
 Poisonous Vapours        Pois/Air       10%        N/A       16%         2
 Wereblood                Tmut           5%         N/A       16%         2
 Flame Wave               Conj/Fire      19%        2d7       26%         4
 Fulminant Prism          Conj/Hex       9%         3d7       26%         4
 Iskenderun's Mystic Bla  Conj/Tloc      19%        2d6       26%         4
 Sticky Flame             Conj/Fire      19%        2d4       26%         4
 Frozen Ramparts          Ice            10%        1d2       32%         3
 Gell's Gravitas          Tloc           5%         N/A       32%         3
 Inner Flame              Hex/Fire       5%         N/A       32%         3
 Swiftness                Air            5%         N/A       32%         3
 Teleport Other           Tloc           5%         N/A       32%         3
 Tukima's Dance           Hex            5%         N/A       32%         3
 Passage of Golubria      Tloc           5%         N/A       71%         4
 Freezing Cloud           Conj/Ice/Air   7%         6-21      75%         5
 Alistair's Intoxication  Tmut/Pois      3%         N/A       96%         5
 Borgnjor's Vile Clutch   Necr/Erth      2%         N/A       96%         5
 Yara's Violent Unravell  Hex/Tmut       2%         3d3       96%         5
 Dispersal                Tloc           2%         N/A       100%        6
 Eringya's Noxious Bog    Tmut/Pois      2%         4d6       100%        6
 Summon Hydra             Summ           2%         N/A       100%        7
 Sublimation of Blood     Necr           Unusable   N/A       N/A         2

Dungeon Overview and Level Annotations

Branches:
Dungeon (7/15)             Temple (0/1) D:4           Sewer (visited)

Altars:
Dithmenos
Hepliaklqana
Sif Muna
Trog

Annotations:
D:5 exclusion: downstairs
D:6 exclusion: upstairs
D:7 Duvessa, Joseph


Innate Abilities, Weirdness & Mutations

You are immune to sickness and miasma.
Your stone body is resilient. (AC +5)
You are immune to poison.
You resist negative energy. (rN+)
You are resistant to electric shocks. (rElec)
You are resistant to unholy torment.
You are immune to petrification.


Message History

The ice beast barely misses you.
You now have 8/15 mp.
Casting: Searing Ray (safe; 1% risk of failure)
Confirm with . or Enter, or press ? or * to list all spells.
Aiming: Searing Ray (safe; 1% risk of failure)
Press: ? - help, Shift-Dir - straight line, f/p - ice beast
Aim: an ice beast (almost dead, umbra, 81% to hit)
The searing ray hits the ice beast.
Dithmenos accepts your kill. (Press . to maintain the ray.)
You now have 7/15 mp.
You now have 6/15 mp.
You open the door.
There is an open door here.
You see here a flux talisman.
You see here a +0 whip.
You open the door.
There is an open door here.
There is an open door here.
You open the door.
Found a hazy altar of Hepliaklqana.
MP restored: 15
There is an open door here.
There is an open door here.
You see here a large rock {!d}.
H - the +6 shillelagh "Devastator" {shatter} You see here a large rock {!d}.
You open the door.
There is an open door here.
There is a stone staircase leading up here.
There is a stone staircase leading up here.
There is an open door here.
There is an open door here.
Done exploring.
Done exploring.
Done exploring.
Done exploring.
Done exploring.
There is an open door here.
There is a stone staircase leading down here.
There is an open door here.
There is a stone staircase leading up here.
You climb upwards.
The rust devil screeches!
There is a stone staircase leading down here.
The orc warrior shouts!
You climb downwards.
There is a stone staircase leading up here.
Press: ? - help, v - describe, . - travel A stone staircase leading up.
This square is wreathed by an umbra.
Placed new exclusion.
Reduced exclusion size to a single square.
Done exploring.
Done exploring.
Done exploring.
There is an open door here.
There is a stone staircase leading down here.
You climb downwards.
There is a stone staircase leading up here.
You climb upwards.
Level annotation: exclusion: upstairs
There is a stone staircase leading down here.
There is an open door here.
There is an open door here.
There is a stone staircase leading down here.
You climb downwards.
There is a stone staircase leading up here.
You climb upwards.
Level annotation: exclusion: upstairs
There is a stone staircase leading down here.
You see here a +0 giant club.
There is a stone staircase leading down here.
You climb downwards.
There is a stone staircase leading up here.
c - 3 scrolls labelled TAYLON RIYTAM (gained 1)
I - a staff of cold {rC+}
J - a scroll labelled EGONUT LOVEDDU Joseph, a Mercenary comes into view.
He is wielding a +0 quarterstaff.
Joseph is nearby!
Joseph is nearby!
Joseph shouts!
Joseph hits you with a +0 quarterstaff.
You take 1 damage, and have 40/41 hp.
You closely miss Joseph. Joseph closely misses you.
You hit Joseph. Joseph hits you with a +0 quarterstaff!
Duvessa, Sister of Dowan comes into view.
She is wielding a +0 short sword.
Joseph misses you.
You take 7 damage, and have 33/41 hp.
You closely miss Joseph. Joseph hits you with a +0 quarterstaff.
You take 4 damage, and have 29/41 hp.
You hit Joseph. Joseph hits you with a +0 quarterstaff.
You take 5 damage, and have 24/41 hp.
Joseph unwields a +0 quarterstaff.
Joseph wields a +0 sling.
Joseph shoots a sling bullet.
The sling bullet hits you!
Joseph shoots a sling bullet.
The sling bullet hits you!
* * * LOW HITPOINT WARNING * * *
You take 23 damage, and have 1/41 hp.
MASSIVE DAMAGE!!
Joseph shoots a sling bullet.
The sling bullet hits you!
You die...

#.@.# #...# ###.#####
#.......#
#########@#####.#
##...#.....# #.#
#......###.# #.#
##..........# #.###
#.......##.@#####...#
#.#...#.#.........#.#
#.##.##...<.....###.#
#.##.##.#...#..##
#.#######
#.##.##.#####.##
#.......#
#.......#####.###
#.......#
#.........#.....#
#.......#
###..####.#.....#
#.......#
#....##.#.....#
#.......#


You could see Joseph.

Vanquished Creatures
  An ice beast (D:6)
  An ogre (D:6)
  A centaur (D:6)
  3 kobold brigands (Sewer)
  2 scorpions
  3 hounds
  Ijyb (D:3)
  Jessica (D:2)
  A sleepcap (D:4)
  3 iguanas
  14 adders
  4 gnolls
  A river rat (Sewer)
  A white imp (D:3)
  An ufetubus (D:5)
  5 worms
  3 dart slugs
  6 orcs
  14 ball pythons
  9 bats
  7 endoplasms
  6 giant cockroaches
  7 hobgoblins
  A jackal (D:2)
  8 kobolds
  2 quokkas
  4 frilled lizards
  7 goblins
  7 rats
124 creatures vanquished.

Notes
Turn   | Place    | Note
-------+----------+-------------------------------------------
     0 | D:1      | IndexError the Gargoyle Conjurer began the quest for the
                  | Orb.
     0 | D:1      | Reached XP level 1. HP: 10/10 MP: 3/3
   214 | D:1      | Reached XP level 2. HP: 15/15 MP: 1/5
  1146 | D:1      | Reached XP level 3. HP: 19/19 MP: 4/6
  1621 | D:2      | Noticed Jessica
  1624 | D:2      | Killed Jessica
  1625 | D:2      | Reached skill level 3 in Spellcasting
  1625 | D:2      | Reached skill level 5 in Conjurations
  1630 | D:2      | Learned a level 2 spell: Searing Ray
  1759 | D:2      | Reached XP level 4. HP: 24/24 MP: 4/8
  2228 | D:2      | Reached XP level 5. HP: 28/28 MP: 8/10
  2982 | D:2      | HP: 7/28 [gnoll/+0 halberd (12)]
  2985 | D:2      | Reached skill level 6 in Conjurations
  3102 | D:3      | Noticed Ijyb
  3127 | D:3      | Killed Ijyb
  3128 | D:3      | Reached skill level 4 in Spellcasting
  3203 | D:3      | Reached XP level 6. HP: 32/32 MP: 3/12
  3452 | D:3      | Found a faded altar of an unknown god.
  3504 | D:3      | Prayed at the altar of an unknown god.
  3504 | D:3      | Became a worshipper of Dithmenos the Shadowed
  3504 | D:3      | Reached * piety under Dithmenos
  3596 | D:3      | Found a shimmering blue altar of Sif Muna.
  3644 | D:3      | Got a curious book
  3649 | D:3      | Found a bloodstained altar of Trog.
  4517 | D:4      | Found a staircase to the Ecumenical Temple.
  4664 | D:5      | Entered Level 5 of the Dungeon
  5147 | D:5      | Reached skill level 5 in Spellcasting
  5147 | D:5      | Reached skill level 7 in Conjurations
  5147 | D:5      | Reached XP level 7. HP: 36/36 MP: 10/14
  5889 | D:6      | Reached skill level 1 in Evocations
  5910 | D:6      | Found a glowing drain.
  5930 | Sewer    | Entered a sewer
  6015 | Sewer    | Reached skill level 2 in Evocations
  6259 | Sewer    | Reached ** piety under Dithmenos
  6464 | Sewer    | Reached skill level 3 in Evocations
  6759 | D:6      | HP: 4/36 [ogre/+0 giant club (21)]
  6761 | D:6      | Reached skill level 4 in Evocations
  6926 | D:6      | Reached XP level 8. HP: 38/41 MP: 8/15
  7032 | D:6      | Reached skill level 5 in Evocations
  7474 | D:6      | Found a hazy altar of Hepliaklqana.
  7497 | D:6      | Found the +6 shillelagh "Devastator" {shatter}
  7678 | D:5      | Noticed a rust devil
  7678 | D:5      | Noticed a rust devil
  7877 | D:7      | Noticed Joseph
  7882 | D:7      | Noticed Duvessa
  7887 | D:7      | HP: 1/41 [Joseph/sling bullet (14)]
  7892 | D:7      | Shot with a sling bullet by Joseph

Illustrated notes

Levels and vault maps discovered:
D:1:      saegor_arrival_simple_d, layout_loops_corners, serial_rivers,
          chequers_serial_rivers_small_3, chequers_serial_rivers_micro_b,
          chequers_serial_rivers_room_a, chequers_serial_rivers_room_a,
          serial_bayou_crossing
D:2:      layout_basic, minivault_19, hangedman_abyss_or_decor_stabs,
          grunt_ministairs_1, kennysheep_cluttered_room, nrook_loot_triangle,
          palyth_stone_intersect, dk_vineyard_2, minmay_fountain_box,
          minmay_joined_circles, uniq_jessica
D:3:      layout_basic, nzn_overflow_gifts_of_might_and_magic,
          nicolae_ecumenical_lake_church, uniq_ijyb
D:4:      layout_rooms, minmay_temple_entry_statues_pillars
D:5:      cheibrodos_iron_armory, layout_loops_ring
D:6:      layout_basic, worldfamousw_hep_ancestral_shrine,
          cheibrodos_sewer_entry_drain, dilly_guarded_unrand_devastator
D:7:      layout_loops_cross, uniq_duvessa, uniq_joseph

Skill      XL: |  1  2  3  4  5  6  7  8 |
---------------+-------------------------+-----
Spellcasting   | 3 4 5 |  5.0
Conjurations   | 5 6 7 |  7.0
Evocations     | 4 5 |  5.8
Dodging        | |  1.5
Stealth        | |  2.1

Action                     |  1- 3 |  4- 6 |  7- 9 || total
---------------------------+-------+-------+-------++-------
  Melee: Unarmed           |    17 |       |       ||    17
         Short sword       |       |    46 |       ||    46
         Falchion          |       |     3 |    39 ||    42
   Cast: Magic Dart        |    53 |    88 |    88 ||   229
         Searing Ray       |       |    13 |     9 ||    22
   Stab: Sleeping          |       |     1 |       ||     1
 Armour: Robe              |    11 |    55 |    46 ||   112
  Dodge: Dodged            |    22 |    51 |    67 ||   140

Table legend: (Time is in decaauts)
 A = Elapsed time spent in this place.
 B = Non-inter-level travel time spent in this place.
 C = Inter-level travel time spent in this place.
 D = Time resting spent in this place.
 E = Time spent auto-exploring this place.
 F = Levels seen in this place.
 G = Mean time per level.
                   A        B        C        D        E       F      G
               +--------+--------+--------+--------+--------+-----+--------+
         Total |   8001 |   7230 |    771 |      0 |   6286 |   8 | 1000.1 |
       Dungeon |   7157 |   6386 |    771 |      0 |   5584 |   7 | 1022.4 |
         Sewer |    843 |    843 |      0 |      0 |    702 |   1 |  843.0 |
               +--------+--------+--------+--------+--------+-----+--------+

Top non-repeatable levels by time:
     D:1: 1578 daAuts
     D:2: 1545 daAuts
     D:6: 1362 daAuts
     D:5: 941 daAuts
     D:3: 872 daAuts
   Sewer: 843 daAuts
     D:4: 734 daAuts
     D:7: 123 daAuts

Levels and vault maps discovered:
D:1:      saegor_arrival_simple_d, layout_loops_corners, serial_rivers,
          chequers_serial_rivers_small_3, chequers_serial_rivers_micro_b,
          chequers_serial_rivers_room_a, chequers_serial_rivers_room_a,
          serial_bayou_crossing
D:2:      layout_basic, minivault_19, hangedman_abyss_or_decor_stabs,
          grunt_ministairs_1, kennysheep_cluttered_room, nrook_loot_triangle,
          palyth_stone_intersect, dk_vineyard_2, minmay_fountain_box,
          minmay_joined_circles, uniq_jessica
D:3:      layout_basic, nzn_overflow_gifts_of_might_and_magic,
          nicolae_ecumenical_lake_church, uniq_ijyb
D:4:      layout_rooms, minmay_temple_entry_statues_pillars
D:5:      cheibrodos_iron_armory, layout_loops_ring
D:6:      layout_basic, worldfamousw_hep_ancestral_shrine,
          cheibrodos_sewer_entry_drain, dilly_guarded_unrand_devastator
D:7:      layout_loops_cross, uniq_duvessa, uniq_joseph

Table legend: (Time is in decaauts)
 A = Elapsed time spent in this place.
 B = Non-inter-level travel time spent in this place.
 C = Inter-level travel time spent in this place.
 D = Time resting spent in this place.
 E = Time spent auto-exploring this place.
 F = Levels seen in this place.
 G = Mean time per level.
                   A        B        C        D        E       F      G
               +--------+--------+--------+--------+--------+-----+--------+
         Total |   8001 |   7230 |    771 |      0 |   6286 |   8 | 1000.1 |
       Dungeon |   7157 |   6386 |    771 |      0 |   5584 |   7 | 1022.4 |
         Sewer |    843 |    843 |      0 |      0 |    702 |   1 |  843.0 |
               +--------+--------+--------+--------+--------+-----+--------+

Top non-repeatable levels by time:
     D:1: 1578 daAuts
     D:2: 1545 daAuts
     D:6: 1362 daAuts
     D:5: 941 daAuts
     D:3: 872 daAuts
   Sewer: 843 daAuts
     D:4: 734 daAuts
     D:7: 123 daAuts

Table legend:
 A = Kills in this place as a percentage of kills in the entire game.
 B = Kills by you in this place as a percentage of kills by you in the entire game.
 C = Kills by friends in this place as a percentage of kills by friends in the entire game.
 D = Other kills in this place as a percentage of other kills in the entire game.
 E = Experience gained in this place as a percentage of experience gained in the entire game.
 F = Experience gained in this place divided by the number of levels of this place that you have seen.
                   A       B       C       D       E      F
               +-------+-------+-------+-------+-------+----------------------
         Total | 100.0 | 100.0 |   N/A |   N/A | 100.0 | 201.9
       Dungeon |  83.9 |  83.9 |   N/A |   N/A |  77.0 | 177.6
         Sewer |  16.1 |  16.1 |   N/A |   N/A |  23.0 | 372.0
               +-------+-------+-------+-------+-------+----------------------
